 Dungeon Crawl Stone Soup version 0.25-a0-294-gea9b1ad378 (webtiles) character file.

Game seed: 4099484829868527, levelgen mode: deterministic

1024 MoonlitKnight the Spear-Bearer (level 8, -3/63 HPs)
             Began as a Merfolk Skald on Dec 16, 2019.
             Killed from afar by an orc wizard (7 damage)
             ... with a magic dart
             ... on level 5 of the Dungeon.
             The game lasted 00:15:58 (6131 turns).

MoonlitKnight the Spear-Bearer (Merfolk Skald)      Turns: 6131, Time: 00:15:59

Health: -3/63      AC:  8    Str: 13    XL:     8   Next: 22%
Magic:  9/11       EV: 14    Int: 12    God:
Gold:   285        SH:  6    Dex: 14    Spells: 2/11 levels left

rFire    . . .     SeeInvis .   a - +1 trident
rCold    . . .     Gourm    .   (no shield)
rNeg     . . .     Faith    .   n - +1 ring mail
rPois    .         Spirit   .   y - +0 helmet
rElec    .         Reflect  +   (no cloak)
rCorr    .         Harm     .   c - +0 pair of gloves
MR       .....                  (no boots)
Stlth    +.........             g - +6 amulet of reflection
HPRegen  0.20/turn              (no ring)
MPRegen  0.12/turn              (no ring)

@: very slightly contaminated
A: change form in water, swift swim, stealthy swim
a: no special abilities


You were on level 5 of the Dungeon.
You were hungry.

You visited 1 branch of the dungeon, and saw 7 of its levels.

You collected 285 gold pieces.

Inventory:

Hand Weapons
 a - a +1 trident (weapon)
 A - a +0 glaive
Missiles
 f - 31 sling bullets
 h - 58 poisoned darts (quivered)
 u - 8 atropa-tipped darts
Armour
 c - a +0 pair of gloves (worn)
 n - a +1 ring mail (worn)
 y - a +0 helmet (worn)
Jewellery
 g - a +6 amulet of reflection (around neck)
 l - an uncursed amulet of regeneration
 m - an uncursed amulet of rage {unknown}
Wands
 p - a wand of random effects (23)
 s - a wand of polymorph (8)
Scrolls
 e - 4 scrolls of identify
 k - 3 scrolls of enchant armour
Potions
 b - a potion of ambrosia {unknown}
 i - a potion of flight {unknown}
 j - a potion of might {unknown}
 o - a potion of lignification {unknown}
 q - a potion of heal wounds {unknown}
 r - a potion of agility {unknown}
 t - a potion of magic {unknown}
 w - a potion of curing {unknown}
 x - a potion of resistance {unknown}
Comestibles
 d - 9 rations


   Skills:
 + Level 5.4 Fighting
 * Level 9.8 Polearms
 - Level 0.6 Armour
 + Level 6.5 Dodging
 - Level 2.0 Spellcasting
 - Level 3.2 Charms


You had 2 spell levels left.
You knew the following spells:

 Your Spells              Type           Power        Failure   Level  Hunger
a - Infusion              Chrm           #...         16%         1    ##.....
b - Shroud of Golubria    Chrm/Tloc      #.....       41%         2    ###....
c - Spectral Weapon       Hex/Chrm       #.......     65%         3    ####...
d - Regeneration          Chrm/Necr      #.........   65%         3    ####...

Your spell library contained the following spells:

 Spells                   Type           Power        Failure   Level  Hunger
 Song of Slaying          Chrm           #.......     22%         2    ###....
 Animate Skeleton         Necr           N/A          50%         1    ##.....
 Pain                     Necr           #...         50%         1    ##.....
 Vampiric Draining        Necr           #.........   86%         3    ####...
 Animate Dead             Necr           N/A          99%         4    #####..


Dungeon Overview and Level Annotations

Branches:
Dungeon (7/15)
 Temple: D:4-7

Altars:
Beogh

Shops:
D:5 *

Annotations:
D:2 1 runed translucent door, Crazy Yiuf
D:4 3 runed translucent doors, MoonlitKnight's ghost, amateur MfSk


Message History

You barely miss the orc wizard. The orc wizard misses you.
You hit the orc wizard.
The orc wizard is lightly wounded.
The orc wizard hits you with a +0 great mace.
* * * LOW HITPOINT WARNING * * *
You hit the orc wizard.
The orc wizard is heavily wounded.
The orc wizard closely misses you.
You completely miss the orc wizard.
The orc wizard is heavily wounded.
The orc wizard barely misses you.
You hit the orc wizard.
The orc wizard is severely wounded.
The orc wizard hits you with a +0 great mace.
* * * LOW HITPOINT WARNING * * *
You hit the orc wizard but do no damage.
The orc wizard is severely wounded.
The orc wizard gestures at you while chanting.
The magic dart hits you!
You die...

..## ...# #..# #..# #########
...############# #.......#
...............# #....##.#
#..##...######.# #........
#..#.....# #.###### ##....##.#
...##...## #..@o..# #........#
######.## ######.# #..#.##... #.#
#.# #......... #.# #.# #.#####...
##'## ####.## #........# ##...##
#.....# ####...... ##.....##
#.##..# #.###.# ##.......##
##.##..# #.##..#
##.........####...#..######.#...#


You could see an orc wizard.

Vanquished Creatures
  A yak (D:7)
  2 ogres
  An orc warrior (D:6)
  A scorpion (D:4)
  2 howler monkeys (D:6)
  4 orc wizards
  An iguana (D:4)
  Natasha (thrice) (D:3)
  A hound skeleton (D:4)
  5 gnolls
  7 adders
  A river rat (D:3)
  A shadow imp (D:5)
  2 oozes
  An adder skeleton (D:5)
  6 worms
  A dart slug (D:1)
  2 leopard geckos
  8 orcs
  9 bats
  3 giant cockroaches
  4 goblins
  9 hobgoblins
  15 jackals
  4 kobolds
  A quokka (D:4)
  2 frilled lizards (D:1)
  A giant cockroach zombie (D:6)
  A jackal skeleton (D:5)
  18 rats
117 creatures vanquished.

Vanquished Creatures (others)
  A spectral weapon (D:7)
1 creature vanquished.

Grand Total: 118 creatures vanquished

Notes
Turn   | Place    | Note
-------+----------+-------------------------------------------
     0 | D:1      | MoonlitKnight the Merfolk Skald began the quest for the
                  | Orb.
     0 | D:1      | Reached XP level 1. HP: 16/16 MP: 3/3
   388 | D:1      | Reached XP level 2. HP: 20/23 MP: 1/5
   647 | D:1      | Reached skill level 4 in Polearms
   647 | D:1      | Reached XP level 3. HP: 2/28 MP: 0/6
  1069 | D:1      | Learned a level 2 spell: Shroud of Golubria
  1073 | D:1      | Learned a level 3 spell: Spectral Weapon
  1885 | D:2      | Reached XP level 4. HP: 34/34 MP: 1/7
  2049 | D:2      | Found a runed translucent door.
  2050 | D:2      | Noticed Crazy Yiuf
  2142 | D:2      | Reached skill level 5 in Polearms
  2729 | D:3      | Noticed Natasha
  2755 | D:3      | Killed Natasha
  2755 | D:3      | Reached XP level 5. HP: 33/41 MP: 3/8
  2774 | D:3      | Noticed Natasha
  2787 | D:3      | Killed Natasha
  2933 | D:3      | Reached skill level 6 in Polearms
  3271 | D:3      | Noticed Natasha
  3284 | D:3      | Killed Natasha
  3284 | D:3      | Reached XP level 6. HP: 28/48 MP: 2/9
  3957 | D:4      | Found a runed translucent gate.
  4120 | D:4      | Learned a level 3 spell: Regeneration
  4182 | D:4      | Found a runed translucent gate.
  4182 | D:4      | Found a runed translucent gate.
  4182 | D:4      | Noticed MoonlitKnight's ghost (amateur MfSk)
  4183 | D:4      | Found a roughly hewn altar of Beogh.
  4287 | D:4      | Reached skill level 7 in Polearms
  4290 | D:4      | Reached skill level 5 in Dodging
  4510 | D:4      | Reached XP level 7. HP: 41/55 MP: 10/10
  4582 | D:4      | Reached skill level 8 in Polearms
  4864 | D:5      | Entered Level 5 of the Dungeon
  5557 | D:5      | Found Neaf's Assorted Antiques.
  5797 | D:6      | Reached skill level 5 in Fighting
  5797 | D:6      | Reached skill level 9 in Polearms
  5878 | D:6      | Reached XP level 8. HP: 31/62 MP: 3/11
  6051 | D:7      | Noticed a yak
  6051 | D:7      | Noticed a yak
  6051 | D:7      | Noticed a yak
  6051 | D:7      | Noticed a yak
  6053 | D:7      | Noticed a yak
  6053 | D:7      | Noticed a yak
  6075 | D:7      | Killed a yak
  6131 | D:5      | Killed from afar by an orc wizard

Levels and vault maps discovered:
D:1:      dpeg_arrival_leaves_temple_mockup, layout_basic
D:2:      layout_loops_ring, first_ration, uniq_crazy_yiuf_cottage
D:3:      layout_loops_ring, lightli_sewer_entry_pipes, uniq_natasha
D:4:      lemuel_upstairs_altar, layout_gridville, biasface_ghost_orc_armoury
D:5:      layout_loops_corners, serial_shops, nicolae_shop_crystal
D:6:      layout_rooms, minmay_temple_entry_tees
D:7:      layout_layer_cave, serial_rivers, chequers_serial_rivers_micro_c,
          chequers_serial_rivers_micro_b, chequers_serial_rivers_large_b,
          chequers_serial_rivers_marsh, chequers_serial_rivers_small_b,
          uniq_menkaure

Skill      XL: |  1  2  3  4  5  6  7 |
---------------+----------------------+-----
Dodging        | 3 4 5 6 |  6.5
Polearms       | 4 5 6 7 9 |  9.8
Fighting       | 3 4 5 |  5.4
Armour         | |  0.6
Spellcasting   | |  2.0
Charms         | |  3.2

Action                   |  1- 3 |  4- 6 |  7- 9 || total
-------------------------+-------+-------+-------++-------
Melee: Spear             |   161 |    51 |       ||   212
       Trident           |       |   186 |   128 ||   314
       Tailslap          |       |     4 |       ||     4
Throw: Dart              |     7 |       |       ||     7
 Cast: Infusion          |     8 |     7 |     3 ||    18
       Shroud of Golubri |     2 |     3 |     4 ||     9
       Spectral Weapon   |       |     1 |     4 ||     5
  Use: Scroll            |       |     7 |     1 ||     8
 Stab: Sleeping          |       |     2 |       ||     2
       Distracted        |       |     1 |       ||     1
  Eat: Chunk             |     2 |     8 |     6 ||    16
       Ration            |     1 |       |       ||     1
Armor: Leather armour    |    30 |     1 |       ||    31
       Ring mail         |       |    45 |    23 ||    68
Dodge: Dodged            |    94 |   126 |    51 ||   271
Block: Other             |       |     5 |    23 ||    28
       Reflection        |       |     1 |     1 ||     2

Table legend:
 A = Non-vault XP
 B = Vault XP
 C = Vault XP percentage of total XP
 D = Non-vault monster count
 E = Vault monster count
 F = Vault count percentage of total count
                 A         B        C        D         E       F
            +---------+---------+-------+---------+---------+-------
      Total |    1380 |      83 |   5.7 |     104 |      13 |  11.1
            +---------+---------+-------+---------+---------+-------
        D:1 |      61 |       0 |   0.0 |      27 |       0 |   0.0
        D:2 |      75 |       0 |   0.0 |      24 |       0 |   0.0
        D:3 |     176 |      83 |  32.0 |      22 |      13 |  37.1
        D:4 |     364 |       0 |   0.0 |      12 |       0 |   0.0
        D:5 |      81 |       0 |   0.0 |       8 |       0 |   0.0
        D:6 |     414 |       0 |   0.0 |      10 |       0 |   0.0
        D:7 |     209 |       0 |   0.0 |       1 |       0 |   0.0
            +---------+---------+-------+---------+---------+-------
